 Dungeon Crawl Stone Soup version 0.19.1-1-g22dce08 (webtiles) character file.

46 Alarkh the Chopper (level 3, 0/29 HPs)
             Began as a Demonspawn Monk on Jan 7, 2017.
             Slain by a jackal (1 damage)
             ... on level 2 of the Dungeon.
             The game lasted 00:01:12 (1414 turns).

Alarkh the Chopper (Demonspawn Monk)                Turns: 1414, Time: 00:01:13

Health: 0/29       AC:  2    Str: 11    XL:     3   Next: 44%
Magic:  3/3        EV: 13    Int: 12    God:
Gold:   33         SH:  0    Dex: 15    Spells: 0 memorised, 2 levels left

rFire  . . .     SeeInvis .     g - +0 whip (venom)
rCold  . . .     Gourm    .     b - +0 robe
rNeg   . . .     Faith    .     (no shield)
rPois  .         Spirit   .     (no helmet)
rElec  .         Reflect  .     (no cloak)
rCorr  .         Harm     .     (no gloves)
MR     .....                    (no boots)
Stlth  ++........               l - amulet of inaccuracy (curse)
                                (no ring)
                                (no ring)

@: hasted, very quick
A: powered by pain 1
a: no special abilities


You were on level 2 of the Dungeon.
You were hungry.

You visited 1 branch of the dungeon, and saw 2 of its levels.

You collected 33 gold pieces.

Inventory:

Hand Weapons
 a - a +0 hand axe
 g - a +0 whip of venom (weapon)
 o - a +0 spear of flaming
Armour
 b - a +0 robe (worn)
Jewellery
 l - a cursed amulet of inaccuracy (around neck)
Potions
 d - a potion of haste
 e - a potion of heal wounds {unknown}
 h - a potion of lignification {unknown}
 j - a potion of mutation {unknown}
 k - a potion of might {unknown}
 m - a potion of brilliance {unknown}
 p - 2 potions of flight {unknown}
Comestibles
 c - 2 bread rations
 f - 5 fruits
 i - a beef jerky
 n - 4 meat rations


   Skills:
 - Level 3.0 Fighting
 + Level 4.1 Axes
 - Level 2.6 Dodging
 - Level 1.7 Stealth


You had 2 spell levels left.
You didn't know any spells.

Dungeon Overview and Level Annotations

Branches:
Dungeon (2/15)

Altars:


Innate Abilities, Weirdness & Mutations

You sometimes gain a little power by taking damage.


Message History

There are monsters nearby!
You are too injured to fight recklessly!
You are too injured to fight recklessly!
The jackal bites you. The jackal barely misses you.
You barely miss the jackal. The jackal bites you.
You barely miss the jackal. The jackal bites you.
* * * LOW HITPOINT WARNING * * *
You closely miss the jackal. The jackal closely misses you.
The jackal bites you.
* * * LOW HITPOINT WARNING * * *
The jackal barely misses you. The jackal misses you.
You miss the jackal.
The jackal is heavily wounded.
The jackal bites you.
* * * LOW HITPOINT WARNING * * *
The jackal bites you.
* * * LOW HITPOINT WARNING * * *
It was a potion of haste.
You feel yourself speed up. The jackal barely misses you. The jackal bites you.
You die...

+,,,+,,,,,,,##.#.###.###,*******,
*,,,*,,,,,,,*#.#.# #.# *,,,,,,,,,
*,,,**,,,,,**#,#.# #.# *,,,,,,,,,
,,,,***,,,** *,#.# #.# *,,,,,,,,,
,*************,#.###.##*,,,,,,,,,
,,,,,,,,,,,,,,,#......#*,,,,,,,,,
********,******#††....#*,,,,,,,,,
*,* #h.....#*,,,,,,,,,
#############@###.##*,,,,,,,,,
#............h###+####********
###########.............#
......,* #..)....<.....# ######,*
#.............# ######,*
#.............# ......,*
#.............# ######**
#.............# .....#
#.............#


You could see 2 jackals.

Vanquished Creatures
  An ooze (D:1)
  2 dart slugs (D:1)
  A leopard gecko (D:1)
  A giant cockroach (D:1)
  A hobgoblin (D:2)
  6 jackals
  4 kobolds
  5 bats
  5 frilled lizards
  4 goblins
  5 rats
35 creatures vanquished.

Notes
Turn   | Place    | Note
-------+----------+-------------------------------------------
     0 | D:1      | Alarkh the Demonspawn Monk began the quest for the Orb.
     0 | D:1      | Reached XP level 1. HP: 18/18 MP: 1/1
    58 | D:1      | Reached skill level 3 in Axes
   237 | D:1      | Gained mutation: You sometimes gain a little power by taking damage. [demonic ancestry]
   237 | D:1      | Reached XP level 2. HP: 24/24 MP: 2/2
   873 | D:1      | Reached XP level 3. HP: 27/29 MP: 3/3
  1217 | D:2      | Reached skill level 4 in Axes
  1413 | D:2      | HP: 1/29 [jackal (3)]
  1414 | D:2      | Slain by a jackal

Skill      XL: |  1  2  3 |
---------------+----------+-----
Axes           | 3 4 |  4.1
Fighting       | |  3.0
Dodging        | |  2.6
Stealth        | |  1.7

Action                   || total
-------------------------++-------
Melee: Hand axe          ||     7
       Whip              ||   100
  Use: Scroll            ||     1
       Potion            ||     1
 Stab: Sleeping          ||     7
  Eat: Chunk             ||     1
Armor: Robe              ||    15
Dodge: Dodged            ||    82
